 Dungeon Crawl Stone Soup version 0.20-a0-960-ge493e74 (webtiles) character file.

36 MrRokkomies the Bolt Thrower (level 3, 0/23 HPs)
             Began as a Kobold Hunter on Apr 7, 2017.
             Slain by an adder (2 damage)
             ... on level 2 of the Dungeon.
             The game lasted 00:02:10 (993 turns).

MrRokkomies the Bolt Thrower (Kobold Hunter)         Turns: 993, Time: 00:02:10

Health: 0/23       AC:  3    Str: 10    XL:     3   Next: 57%
Magic:  3/3        EV: 14    Int: 12    God:
Gold:   82         SH:  0    Dex: 15    Spells: 2/2 levels left

rFire    + + .     SeeInvis .   b - +2 hand axe (drain)
rCold    . . .     Gourm    .   (shield restricted)
rNeg     . . .     Faith    .   c - +0 leather armour
rPois    +         Spirit   .   (no helmet)
rElec    .         Reflect  .   (no cloak)
rCorr    .         Harm     .   (no gloves)
MR       .....                  (no boots)
Stlth    +.........             l - amulet of rage
Regen    0.1/turn               m - ring of protection from fire
MPRegen  0.1/turn               (no ring)

@: lethally poisoned (0 -> -3)
A: hooves 1, carnivore 3, fire resistance 1, poison resistance
a: Evoke Berserk Rage


You were on level 2 of the Dungeon.
You were not hungry.

You visited 1 branch of the dungeon, and saw 2 of its levels.

You collected 82 gold pieces.

Inventory:

Hand Weapons
 a - a +1 hand crossbow
 b - a +2 hand axe of draining (weapon)
Missiles
 d - 20 bolts
Armour
 c - a +0 leather armour (worn)
Jewellery
 l - an amulet of rage (around neck)
 m - a ring of protection from fire (left hand)
Scrolls
 e - a scroll of remove curse
 n - 2 scrolls of teleportation
 p - a scroll of recharging
Potions
 g - 2 potions of haste
 h - a potion of invisibility {unknown}
 j - a potion of might {unknown}
 k - 2 potions of heal wounds
 o - 3 potions of brilliance {unknown}
Comestibles
 f - 2 meat rations
 i - a royal jelly


   Skills:
 * Level 3.4 Fighting
 * Level 5.3 Crossbows
 - Level 2.4 Dodging
 - Level 1.3 Stealth


You had 2 spell levels left.
You didn't know any spells.

Dungeon Overview and Level Annotations

Branches:
Dungeon (2/15)

Altars:


Innate Abilities, Weirdness & Mutations

You are small and have problems with some larger weapons.
You are carnivorous and can eat meat at any time.
You have large cloven feet.
Your flesh is heat resistant. (rF+)
Your system is resistant to poisons. (rPois)


Message History

The adder is almost dead.
The adder misses you. The adder bites you.
You are too injured to fight recklessly!
You are too injured to fight recklessly!
You are too injured to fight recklessly!
You are too injured to fight recklessly!
You are too injured to fight recklessly!
You barely miss the adder. You kick the adder, but do no damage.
The adder is severely wounded.
The adder bites you. x2
You are poisoned.
The adder poisons you!
You miss the adder.
The adder is severely wounded.
You feel sick. The adder bites you.
* * * LOW HITPOINT WARNING * * *
You closely miss the adder.
The adder is severely wounded.
The adder bites you.
You die...

..... .# .... #####.###
#.. #........ #..
#........ #.. #####
#........ #..
#...###........# #..
#.#.....#...... ##.
#....#.@S...... ..###.
#.#.....#...... .>.....
#...###...#.#'# .......
##.## #...#.#.# ##.###.
#.# #.....#.# #...#.
#.####...###.######....
#.................#....
####..............#....
#..............#....


You could see an adder.

Vanquished Creatures
  An adder (D:2)
  A dart slug (D:1)
  A leopard gecko (D:2)
  A ball python (D:2)
  3 bats
  A giant cockroach (D:2)
  4 goblins
  4 hobgoblins
  2 kobolds
  2 frilled lizards (D:1)
  3 rats (D:1)
23 creatures vanquished.

Notes
Turn   | Place    | Note
-------+----------+-------------------------------------------
     0 | D:1      | MrRokkomies the Kobold Hunter began the quest for the Orb.
     0 | D:1      | Reached XP level 1. HP: 12/12 MP: 1/1
   134 | D:1      | Reached skill level 5 in Crossbows
   134 | D:1      | Reached XP level 2. HP: 12/18 MP: 2/2
   546 | D:1      | Gained mutation: Your system is resistant to poisons. (rPois) [potion of mutation]
   546 | D:1      | Gained mutation: Your flesh is heat resistant. (rF+) [potion of mutation]
   546 | D:1      | Gained mutation: You have large cloven feet. [potion of mutation]
   718 | D:2      | Reached XP level 3. HP: 21/23 MP: 3/3
   993 | D:2      | Slain by an adder

Vault maps used:
D:1:      minmay_arrival_four_circles, minmay_hedge_maze
D:2:      minmay_misc_feat_five

Skill      XL: |  1  2 |
---------------+-------+-----
Crossbows      | 5 |  5.3
Fighting       | 3 |  3.4
Dodging        | |  2.4
Stealth        | |  1.3

Action                   || total
-------------------------++-------
Melee: Hand axe          ||    49
       Short sword       ||     3
       Kick              ||     4
  Use: Scroll            ||     8
       Potion            ||     1
 Stab: Sleeping          ||     3
Armor: Leather armour    ||     8
Dodge: Dodged            ||    39
